AoeStats
← THEPADDYDOC

MegaRandom

510401709Analyzed
3v3 RM · 6h ago on Sep 30, 2026· 21m 35s· 6 players
Game mode
Random Map
Map size
Normal (6 player)
Population
200
Speed
Normal
Resources
Standard
Victory
Conquest
Starting age
Dark Age
Ending age
Imperial Age
RankedLock teamsTeams togetherTeam positionsShared explorationLock speedFull tech treeHidden civsTurbo modeCheats
Victory
Defeat
🇦🇷 Mongols · Argentina
1223
+8
🇦🇷 Varangians · Argentina
1067
+13
🇦🇷 Vietnamese · Argentina
920
+19
🇧🇷 Varangians · Brazil
1029
-14
🇮🇪 Georgians · Ireland
1026
-14
🇮🇪 Burgundians · Ireland
981
-12
THEPADDYDOC
12:55 Feudal Age
13:33 Horse Collar
13:43 Double-Bit Axe
14:45 Loom
20:10 Castle Age
HomiDoMato
10:41 Feudal Age
9:58 Loom
11:36 Horse Collar
15:18 Castle Age
13:34 Horse Collar
14:53 Double-Bit Axe
15:27 Stone Mining
18:40 Bow Saw
Biggus Dichus
4:53 Loom
10:31 Feudal Age
10:41 Man-at-Arms
12:09 Double-Bit Axe
15:05 Wheelbarrow
19:40 Horse Collar
Gergis Khan
7:08 Loom
10:17 Feudal Age
10:44 Double-Bit Axe
22:50 Castle Age
GDN_dgascogne
10:36 Loom
12:22 Feudal Age
16:09 Double-Bit Axe
18:58 Fletching
u need PAY TO WIN CIV?
9:31 Feudal Age
11:35 Loom
14:34 Bloodlines
17:18 Forging
19:12 Wheelbarrow
Connection lost

Rejoining the realm…

Still unreachable

The connection could not be restored.

Session expired

The server has moved on; the page needs a fresh start.